General information
			
			
        
        - name: BNet
 
        - type: Ladder team game (AT/RT)
 
        - host: Battle.net
 
        - saver: iggy_the_fisk
 
        
map: BloodstoneMesa 
        - players: 6
 
        - length: 24:04
 
        - speed: Fast
 - version: 1.22 W3XP
 - replay type:  

 
» download(179 KB)
Players
        team 1 (winner) 
              
              
» 
iggy_the_fisk (
yellow | 90 APM | 2166 actions | 24:04)
              
 4 Demon Hunter 
 2 Mana Burn
 2 Evasion
 
                » actions 
                
                | Assign group hotkey | 236 |  | 
| Basic commands | 1 |  | 
| Build / train | 69 |  | 
| Enter build submenu | 14 |  | 
| Enter hero's abilities submenu | 4 |  | 
| Remove unit from queue | 8 |  | 
| Right click | 1339 |  | 
| Select / deselect | 355 |  | 
| Select group hotkey | 89 |  | 
| Use ability | 51 |  | 
                2166 total
 » units 
                
                | Wisp | 28 |  | 
| Huntress | 7 |  | 
| Archer | 4 |  | 
| Hippogryph | 4 |  | 
| Druid of the Talon | 3 |  | 
                46 total
 » upgrades
                
                | Druid of the Talon Training | 1 |  | 
| Strength of the Wild | 1 |  | 
| Reinforced Hides | 1 |  | 
                3 total
 » buildings
                
                | Altar of Elders | 1 |  | 
| Moon Well | 4 |  | 
| Hunter's Hall | 1 |  | 
| Ancient of War | 3 |  | 
| Tree of Life | 2 |  | 
| Tree of Ages | 4 |  | 
| Ancient of Wind | 2 |  | 
                17 total
 » build order
                00:07 Altar of Elders
00:21 Moon Well
01:38 Hunter's Hall
01:43 Ancient of War
02:03 Ancient of War
02:06 Ancient of War
02:33 Moon Well
04:38 Moon Well
05:37 Moon Well
07:38 Tree of Life
16:16 Tree of Ages
16:16 Tree of Ages
16:16 Tree of Ages
17:50 Tree of Life
18:40 Ancient of Wind
19:20 Ancient of Wind
 
               
              
              
TALONSAREIMBA (
orange | 114 APM | 2750 actions | 24:03)
              
 5 Priestess of the Moon 
 2 Searing Arrows
 3 Trueshot Aura
 5 Firelord 
 3 Soul Burn
 2 Incinerate
 
                » actions 
                
                | Assign group hotkey | 38 |  | 
| Basic commands | 275 |  | 
| Build / train | 54 |  | 
| ESC pressed | 2 |  | 
| Enter build submenu | 12 |  | 
| Enter hero's abilities submenu | 10 |  | 
| Right click | 1423 |  | 
| Select / deselect | 569 |  | 
| Select group hotkey | 328 |  | 
| Use ability | 39 |  | 
                2750 total
 » units 
                » upgrades
                
                | Moon Armor | 2 |  | 
| Abolish Magic | 1 |  | 
| Strength of the Wild | 3 |  | 
| Reinforced Hides | 1 |  | 
                7 total
 » buildings
                
                | Altar of Elders | 1 |  | 
| Moon Well | 5 |  | 
| Hunter's Hall | 1 |  | 
| Ancient of War | 2 |  | 
| Tree of Ages | 1 |  | 
| Ancient of Lore | 2 |  | 
| Ancient of Wonders | 1 |  | 
| Tree of Eternity | 1 |  | 
                14 total
 » build order
                00:05 Altar of Elders
00:06 Moon Well
01:34 Hunter's Hall
01:55 Ancient of War
02:22 Ancient of War
02:47 Moon Well
04:35 Moon Well
05:09 Tree of Ages
05:53 Moon Well
08:05 Moon Well
09:48 Ancient of Lore
10:13 Ancient of Lore
10:18 Ancient of Wonders
15:35 Tree of Eternity
» items
                
                | Scroll of Town Portal | 1 |  | 
| Moonstone | 1 |  | 
                2 total
  
               
              
              
» 
timg4strOK (
green | 172 APM | 4134 actions | 24:03)
              
 5 Blademaster 
 3 Wind Walk
 2 Critical Strike
 5 Shadow Hunter 
 3 Hex
 2 Healing Wave
 
                » actions 
                
                | Assign group hotkey | 42 |  | 
| Basic commands | 79 |  | 
| Build / train | 84 |  | 
| ESC pressed | 8 |  | 
| Enter build submenu | 16 |  | 
| Enter hero's abilities submenu | 10 |  | 
| Give item / drop item | 2 |  | 
| Remove unit from queue | 1 |  | 
| Right click | 1543 |  | 
| Select / deselect | 250 |  | 
| Select group hotkey | 1962 |  | 
| Use ability | 137 |  | 
                4134 total
 » units 
                
                | Peon | 7 |  | 
| Grunt | 4 |  | 
| Raider | 4 |  | 
| Spirit Walker | 2 |  | 
| Troll Batrider | 8 |  | 
| Demolisher | 3 |  | 
| Shaman | 2 |  | 
| Wind Rider | 2 |  | 
| Troll Witch Doctor | 3 |  | 
                35 total
 » upgrades
                
                | Pillage | 1 |  | 
| Berserker Strength | 1 |  | 
| Ensnare | 1 |  | 
| Spirit Walker Training | 1 |  | 
| Witch Doctor Training | 3 |  | 
| Shaman Training | 2 |  | 
| Liquid Fire | 1 |  | 
| Burning Oil | 1 |  | 
| Reinforced Defenses | 1 |  | 
| Ranged Weapons | 1 |  | 
| Envenomed Spears | 1 |  | 
                14 total
 » buildings
                
                | Altar of Storms | 1 |  | 
| Orc Burrow | 6 |  | 
| Barracks | 1 |  | 
| Voodoo Lounge | 1 |  | 
| Stronghold | 1 |  | 
| Beastiary | 2 |  | 
| Spirit Lodge | 1 |  | 
| Fortress | 1 |  | 
| War Mill | 1 |  | 
| Great Hall | 1 |  | 
                16 total
 » build order
                00:07 Altar of Storms
00:21 Orc Burrow
00:50 Barracks
01:32 Orc Burrow
01:55 Voodoo Lounge
02:50 Stronghold
03:38 Orc Burrow
05:34 Beastiary
05:36 Spirit Lodge
06:03 Orc Burrow
09:33 Fortress
09:36 Orc Burrow
13:53 Beastiary
16:23 War Mill
18:20 Orc Burrow
23:01 Great Hall
» items
                
                | Healing Salve | 6 |  | 
| Lesser Clarity Potion | 6 |  | 
| Scroll of Town Portal | 3 |  | 
| Orb of Lightning | 1 |  | 
| Potion of Healing | 2 |  | 
                18 total
  
               team 2 (loser) 
              
              
Chim_Rush (
teal | 71 APM | 1538 actions | 21:48)
              
 3 Pandaren Brewmaster 
 2 Breath of Fire
 1 Drunken Haze
 
                » actions 
                
                | Assign group hotkey | 58 |  | 
| Basic commands | 33 |  | 
| Build / train | 38 |  | 
| ESC pressed | 4 |  | 
| Enter build submenu | 25 |  | 
| Enter hero's abilities submenu | 3 |  | 
| Right click | 857 |  | 
| Select / deselect | 339 |  | 
| Select group hotkey | 105 |  | 
| Use ability | 76 |  | 
                1538 total
 » units 
                » upgrades
                » buildings
                
                | Altar of Elders | 1 |  | 
| Moon Well | 8 |  | 
| Hunter's Hall | 1 |  | 
| Ancient of War | 2 |  | 
| Tree of Ages | 1 |  | 
| Ancient Protector | 2 |  | 
| Ancient of Lore | 6 |  | 
| Ancient of Wonders | 1 |  | 
                22 total
 » build order
                00:02 Altar of Elders
00:19 Moon Well
01:49 Hunter's Hall
01:51 Ancient of War
02:10 Ancient of War
02:34 Moon Well
04:03 Moon Well
04:45 Moon Well
05:31 Moon Well
05:36 Tree of Ages
07:22 Ancient Protector
09:45 Ancient of Lore
09:50 Moon Well
09:51 Moon Well
10:42 Ancient of Lore
11:16 Ancient of Lore
11:18 Ancient of Lore
11:24 Ancient Protector
11:45 Ancient of Lore
11:47 Ancient of Lore
15:27 Moon Well
15:57 Ancient of Wonders
 
               
              
              
playmaker2 (
red | 44 APM | 1057 actions | 24:03)
              
 5 Pandaren Brewmaster 
 3 Breath of Fire
 2 Drunken Haze
 
                » actions 
                
                | Basic commands | 22 |  | 
| Build / train | 62 |  | 
| Enter build submenu | 16 |  | 
| Enter hero's abilities submenu | 5 |  | 
| Remove unit from queue | 2 |  | 
| Right click | 647 |  | 
| Select / deselect | 259 |  | 
| Use ability | 44 |  | 
                1057 total
 » units 
                
                | Acolyte | 3 |  | 
| Ghoul | 17 |  | 
| Crypt Fiend | 14 |  | 
| Frost Wyrm | 4 |  | 
| Obsidian Statue | 5 |  | 
                43 total
 » upgrades
                
                | Web | 1 |  | 
| Destroyer Form | 1 |  | 
| Creature Carapace | 1 |  | 
                3 total
 » buildings
                
                | Graveyard | 1 |  | 
| Crypt | 1 |  | 
| Altar of Darkness | 1 |  | 
| Ziggurat | 6 |  | 
| Tomb of Relics | 1 |  | 
| Nerubian Tower | 2 |  | 
| Halls of the Dead | 1 |  | 
| Black Citadel | 1 |  | 
| Sacrificial Pit | 1 |  | 
| Boneyard | 2 |  | 
| Slaughterhouse | 1 |  | 
                18 total
 » build order
                00:14 Graveyard
00:20 Crypt
00:51 Altar of Darkness
01:11 Ziggurat
01:18 Tomb of Relics
02:34 Nerubian Tower
02:43 Ziggurat
04:11 Nerubian Tower
04:13 Halls of the Dead
05:58 Ziggurat
07:16 Black Citadel
07:41 Ziggurat
07:46 Sacrificial Pit
10:19 Boneyard
10:22 Boneyard
11:14 Ziggurat
11:17 Ziggurat
16:38 Slaughterhouse
» items
                
                | Scroll of Town Portal | 3 |  | 
| Rod of Necromancy | 1 |  | 
                4 total
  
               
              
              
tjoc.jangofett (
blue | 48 APM | 1082 actions | 22:18)
              
 3 Pandaren Brewmaster 
 2 Breath of Fire
 1 Drunken Haze
 3 Tauren Chieftain 
 2 Shockwave
 1 Endurance Aura
 
                » actions 
                
                | Basic commands | 1 |  | 
| Build / train | 52 |  | 
| Enter build submenu | 13 |  | 
| Enter hero's abilities submenu | 6 |  | 
| Give item / drop item | 1 |  | 
| Remove unit from queue | 1 |  | 
| Right click | 621 |  | 
| Select / deselect | 327 |  | 
| Use ability | 60 |  | 
                1082 total
 » units 
                » upgrades
                
                | Berserker Strength | 1 |  | 
| Envenomed Spears | 1 |  | 
                2 total
 » buildings
                
                | Barracks | 1 |  | 
| Orc Burrow | 4 |  | 
| Altar of Storms | 1 |  | 
| Stronghold | 1 |  | 
| Voodoo Lounge | 1 |  | 
| Beastiary | 2 |  | 
| Fortress | 1 |  | 
| Great Hall | 3 |  | 
                14 total
 » build order
                00:07 Barracks
00:09 Orc Burrow
00:57 Altar of Storms
02:20 Orc Burrow
03:33 Stronghold
04:33 Voodoo Lounge
05:50 Orc Burrow
07:19 Beastiary
07:21 Beastiary
07:34 Orc Burrow
14:05 Fortress
16:11 Great Hall
17:13 Great Hall
18:23 Great Hall
» items
                
                | Scroll of Town Portal | 4 |  | 
| Scroll of Speed | 2 |  | 
| Healing Salve | 3 |  | 
| Lesser Clarity Potion | 4 |  | 
| Potion of Healing | 1 |  | 
                14 total
  
                Chat log
          
(03:34 / All) timg4strOK: really
(03:45 / All) tjoc.jangofett: it worked last game lol
(03:47 / All) TALONSAREIMBA: dam
(03:51 / All) playmaker2: it was funny
(03:54 / All) Chim_Rush: if u werent harassing
(03:56 / All) Chim_Rush: he was dead
(03:58 / All) tjoc.jangofett: ya
(08:47 / All) TALONSAREIMBA: lol
(15:24 / All) TALONSAREIMBA: lol
(15:25 / All) TALONSAREIMBA: deny
(15:28 / All) Chim_Rush: lol
(15:29 / All) Chim_Rush: its xp
(16:31 / All) Chim_Rush: nice mh
(16:46 / All) TALONSAREIMBA: yup
(16:52 / All) TALONSAREIMBA: the fact that u suck
(16:55 / All) TALONSAREIMBA: has nothing to do wtih it
(19:03 / All) TALONSAREIMBA: time to hide buildings
(19:52 / All) playmaker2: mh
(19:54 / All) TALONSAREIMBA: nice
(20:00 / All) TALONSAREIMBA: he ran into my base
(20:04 / All) TALONSAREIMBA: you moron
(20:23 / All) Chim_Rush: So did blue?
(21:02 / All) TALONSAREIMBA: out
(21:48 / All) playmaker2: idc gg
(22:08 / All) TALONSAREIMBA: lol
(22:09 / All) timg4strOK: buh bye
(22:40 / All) TALONSAREIMBA: no idea how to play 
(22:44 / All) TALONSAREIMBA: -.-
(23:27 / All) TALONSAREIMBA: dam just leave
(23:27 / All) TALONSAREIMBA: dam